AoeStats
← DanV0123

Arabia

510144502Analyzed
1v1 RM · 4d ago on Sep 29, 2026· 51m 7s· 2 players
Game mode
Random Map
Map size
Tiny (2 player)
Population
200
Speed
Normal
Resources
Standard
Victory
Conquest
Starting age
Dark Age
Ending age
Imperial Age
RankedLock teamsTeams togetherTeam positionsShared explorationLock speedFull tech treeHidden civsTurbo modeCheats
Victory
Defeat
🇸🇰 Danes · Slovakia
1093
+17
🇪🇸 Franks · Spain
1106
-17
Crowbar
7:10 Loom
10:02 Feudal Age
11:11 Double-Bit Axe
13:17 Scale Mail Armor
13:11 Horse Collar
19:29 Castle Age
17:23 Man-at-Arms
19:42 Gold Mining
19:50 Long Swordsman
20:26 Pikeman
21:34 Squires
26:33 Chain Mail Armor
26:18 Town Watch
26:33 Gambesons
26:42 Arson
28:40 Wheelbarrow
28:25 Bow Saw
29:32 Forging
31:10 Hand Cart
31:00 Heavy Plow
33:29 Iron Casting
35:20 Fletching
38:45 Imperial Age
38:33 Ballistics
38:24 Masonry
38:12 Bodkin Arrow
39:28 Two-Handed Swordsman
42:28 Conscription
43:56 Plate Mail Armor
44:10 Halberdier
47:38 Onager
DanV0123
7:24 Loom
10:01 Feudal Age
10:43 Double-Bit Axe
14:46 Town Watch
17:27 Wheelbarrow
22:02 Castle Age
20:01 Gold Mining
21:39 Forging
21:35 Scale Barding Armor
21:44 Stone Mining
23:08 Bow Saw
23:01 Husbandry
22:27 Crossbowman
24:30 Gold Shaft Mining
31:58 Elite Skirmisher
34:00 Iron Casting
33:46 Chain Barding Armor
37:42 Imperial Age
35:32 Hand Cart
35:21 Town Patrol
35:42 Murder Holes
35:57 Masonry
37:52 Fletching
38:02 Padded Archer Armor
41:20 Cavalier
41:29 Cavalier
42:47 Heavy Scorpion
51:51 Blast Furnace
51:27 Plate Barding Armor
Connection lost

Rejoining the realm…

Still unreachable

The connection could not be restored.

Session expired

The server has moved on; the page needs a fresh start.